[Event "Balkan Youth Online-ch 2020"]
[Site "Online"]
[Date "2020.10.31"]
[Round "4.13"]
[White "Tsarsitalidis, Christos"]
[Black "Pehlivan, Mert"]
[Result "1/2-1/2"]
[ECO "B22"]
[WhiteElo "1786"]
[BlackElo "1653"]
[Annotator "NA RC"]
[PlyCount "103"]
[EventDate "2020.10.31"]
[EventType "swiss"]
[SourceTitle "playchess.com"]
[Source "ChessBase"]
[SourceQuality "1"]
[TimeControl "1500+5"]

1. e4 c5 2. Nf3 e6 3. c3 d5 4. exd5 Qxd5 5. Na3 Nc6 6. Be2 Nf6 7. d4 Be7 8. Bg5 cxd4 9. Nb5 Qd8 10. Nbxd4 Nxd4 11. Qxd4 Qxd4 12. Nxd4 a6 13. Bf3 h6 14. Bf4 Nd5 15. Bxd5 exd5 16. O-O-O O-O 17. f3 g5 18. Be3 Bd7 19. Nc2 Be6 20. Bb6 Rac8 21. Rhe1 Rc6 22. Bf2 Rfc8 23. Nd4 Rd6 24. Nf5 Bxf5 25. Rxe7 b5 26. Rd4 Re6 27. Rxe6 Bxe6 28. a4 Rc4 29. Rxc4 dxc4 30. a5 f5 31. g3 f4 32. gxf4 gxf4 33. Bd4 Bd5 34. Be5 Bxf3 35. Bxf4 h5 36. Kd2 Kf7 37. Ke3 Bc6 38. Kd4 Ke6 39. Kc5 Bd7 40. Bg3 Ke7 41. Bh4+ Ke6 42. Kb6 Bc8 43. Kc7 Bd7 44. Bd8 b4 45. cxb4 Bb5 46. Kb6 Kd7 47. Bh4 Ke6 48. Kc5 Ke5 49. Bg3+ Kf5 50. Kd4 Kg4 51. Ke5 Be8 52. Kd4 1/2-1/2

[Event "Balkan Youth Online-ch 2020"]
[Site "Online"]
[Date "2020.10.31"]
[Round "4.15"]
[White "Boeru, Dragos-Matei"]
[Black "Lavrencic, Matic"]
[Result "0-1"]
[ECO "B25"]
[WhiteElo "1756"]
[BlackElo "2018"]
[Annotator "RC"]
[PlyCount "104"]
[EventDate "2020.10.31"]
[EventType "swiss"]
[SourceTitle "playchess.com"]
[Source "ChessBase"]
[SourceQuality "1"]
[TimeControl "1500+5"]

1. e4 c5 2. Nc3 d6 3. f4 g6 4. Nf3 Bg7 5. g3 Nc6 6. Bg2 Nf6 7. d3 O-O 8. O-O Rb8 9. a4 a6 10. Be3 b5 11. axb5 axb5 12. d4 Ng4 13. Bf2 Nxf2 14. Kxf2 Nxd4 15. Rb1 Qb6 16. Nd5 Qd8 17. Kg1 e6 18. Ne3 Bb7 19. Nd2 Qb6 20. c3 Nc6 21. Kh1 Ne7 22. Re1 Bc6 23. Nb3 Rfd8 24. Qc2 Ra8 25. Rbd1 Qb7 26. Rd2 Qb6 27. Nf1 b4 28. c4 Ba4 29. Red1 Rac8 30. Qd3 Nc6 31. Ra1 Bxb3 32. Qxb3 Nd4 33. Qd3 Ra8 34. Rxa8 Rxa8 35. e5 Ra1 36. exd6 Qxd6 37. Qe4 Qa6 38. b3 Bf6 39. Rd3 Kg7 40. g4 h6 41. g5 hxg5 42. fxg5 Bxg5 43. Qe5+ Bf6 44. Qxc5 Ne2 45. Qxb4 Nf4 46. Rd6 Qa8 47. Rd5 exd5 48. cxd5 Nxg2 49. Kxg2 Qxd5+ 50. Kf2 Qf5+ 51. Ke3 Bg5+ 52. Ke2 Qxf1# 0-1

[Event "Balkan Youth Online-ch 2020"]
[Site "Online"]
[Date "2020.10.31"]
[Round "4.16"]
[White "Ivanov, Svetlen"]
[Black "Ipek, Egehan"]
[Result "0-1"]
[ECO "B85"]
[WhiteElo "1781"]
[BlackElo "1723"]
[Annotator "NA RC"]
[PlyCount "70"]
[EventDate "2020.10.31"]
[EventType "swiss"]
[SourceTitle "playchess.com"]
[Source "ChessBase"]
[SourceQuality "1"]
[TimeControl "1500+5"]

1. e4 c5 2. Nf3 e6 3. d4 cxd4 4. Nxd4 Nc6 5. Nc3 Qc7 6. Be3 a6 7. Be2 Nf6 8. f4 d6 9. Bf3 Bd7 10. O-O Be7 11. a4 O-O 12. Nb3 b6 13. g4 Rfc8 14. Bg2 Rab8 15. g5 Ne8 16. Qd2 b5 17. a5 Nb4 18. f5 Nxc2 19. Qxc2 b4 20. Bb6 Qc4 21. Nd2 Qc6 22. e5 d5 23. f6 Bc5+ 24. Kh1 Bxb6 25. axb6 bxc3 26. bxc3 Qxc3 27. Qxc3 Rxc3 28. Rfb1 Bb5 29. Bf1 Rxb6 30. Bxb5 Rxb5 31. Rxb5 axb5 32. Ra8 Kf8 33. fxg7+ Kxg7 34. Rxe8 Rc1+ 35. Kg2 Rc2 0-1

[Event "Balkan Youth Online-ch 2020"]
[Site "Online"]
[Date "2020.10.31"]
[Round "4.17"]
[White "Nikolovski, Kiril"]
[Black "Cimperman, Teo"]
[Result "1/2-1/2"]
[ECO "B23"]
[WhiteElo "1282"]
[BlackElo "1488"]
[Annotator "NA RC"]
[PlyCount "82"]
[EventDate "2020.10.31"]
[EventType "swiss"]
[SourceTitle "playchess.com"]
[Source "ChessBase"]
[SourceQuality "1"]
[TimeControl "1500+5"]

1. e4 c5 2. Nc3 Nc6 3. f4 g6 4. Nf3 Bg7 5. Bb5 e6 6. Bxc6 bxc6 7. d3 d5 8. O-O Ne7 9. Kh1 O-O 10. g4 f5 11. g5 Bb7 12. e5 d4 13. Ne2 Nd5 14. Ng3 Qe8 15. Qe1 h6 16. h4 h5 17. Bd2 Qd7 18. Kg2 Rfb8 19. b3 Bf8 20. Nh1 Be7 21. Nf2 Bd8 22. Nd1 Ba6 23. Nb2 Nb4 24. Bxb4 cxb4 25. Nc4 Bxc4 26. dxc4 c5 27. Qe2 a5 28. Ne1 a4 29. Nd3 Be7 30. Qf3 axb3 31. axb3 Ra7 32. Kg3 Rba8 33. Qh1 Rxa1 34. Rxa1 Ra3 35. Rxa3 bxa3 36. Qa8+ Kg7 37. Qxa3 Qc6 38. Nf2 Qb6 39. Nd3 Qc6 40. Nf2 Qb6 41. Nd3 Qc6 1/2-1/2

[Event "Balkan Youth Online-ch 2020"]
[Site "Online"]
[Date "2020.10.31"]
[Round "4.19"]
[White "Markosek, Bine"]
[Black "Markov, Daniel"]
[Result "1-0"]
[ECO "B50"]
[WhiteElo "1287"]
[BlackElo "1386"]
[Annotator "NA RC"]
[PlyCount "69"]
[EventDate "2020.10.31"]
[EventType "swiss"]
[SourceTitle "playchess.com"]
[Source "ChessBase"]
[SourceQuality "1"]
[TimeControl "1500+5"]

1. e4 c5 2. Nf3 d6 3. Bc4 Nf6 4. d3 e6 5. O-O a6 6. a4 Nc6 7. Bf4 Be7 8. Nbd2 O-O 9. c3 Bd7 10. Qe2 Na5 11. Rfe1 b5 12. axb5 axb5 13. Bb3 Nxb3 14. Nxb3 Qb6 15. Bg3 b4 16. Nbd2 bxc3 17. bxc3 Rxa1 18. Rxa1 Qb2 19. Ra7 Qxc3 20. e5 dxe5 21. Nxe5 Qd4 22. Ndf3 Qd5 23. Bh4 Rd8 24. h3 Kf8 25. Ng5 h6 26. Ngxf7 Rb8 27. Bxf6 Rb1+ 28. Kh2 Bxf6 29. Rxd7 Qb3 30. Qh5 Qb4 31. d4 Qd2 32. Qf3 Qe1 33. Qa8+ Rb8 34. Qxb8+ Bd8 35. Qxd8# 1-0

[Event "Balkan Youth Online-ch 2020"]
[Site "Online"]
[Date "2020.10.31"]
[Round "4.20"]
[White "Dragicevic, Niksa"]
[Black "Ramaj, Ergit"]
[Result "0-1"]
[ECO "B02"]
[WhiteElo "1068"]
[BlackElo "1444"]
[Annotator "NA RC"]
[PlyCount "86"]
[EventDate "2020.10.31"]
[EventType "swiss"]
[SourceTitle "playchess.com"]
[Source "ChessBase"]
[SourceQuality "1"]
[TimeControl "1500+5"]

1. e4 Nf6 2. Nc3 d5 3. exd5 Nxd5 4. Bc4 Nxc3 5. bxc3 e6 6. d4 Bd6 7. Nf3 O-O 8. O-O b6 9. Qd3 Bb7 10. Bg5 Be7 11. Bf4 c5 12. Rad1 Qc8 13. Bb3 Rd8 14. Qe3 Ba6 15. c4 cxd4 16. Rxd4 Rxd4 17. Qxd4 Nc6 18. Qe4 Na5 19. Nd2 Bf6 20. Qf3 Nc6 21. Be3 Bb7 22. Qe2 Bd4 23. Qd3 Bxe3 24. Qxe3 Ne7 25. c3 Qc6 26. Qf3 Qxf3 27. Nxf3 Bxf3 28. gxf3 Rd8 29. Rd1 Rxd1+ 30. Bxd1 Nc6 31. Be2 Kf8 32. Kg2 Ke7 33. Kg3 Kd6 34. Kf4 Kc5 35. Ke4 Na5 36. Kd3 Nxc4 37. Kc2 b5 38. Bd3 f5 39. f4 Nb6 40. Kd2 Nd5 41. Be2 Nxf4 42. Bf3 e5 43. Bh5 Nxh5 0-1

[Event "Balkan Youth Online-ch 2020"]
[Site "Online"]
[Date "2020.10.31"]
[Round "4.21"]
[White "Milovic, Ilija"]
[Black "Cvetkovski, Gjorgji"]
[Result "0-1"]
[ECO "C30"]
[WhiteElo "1044"]
[BlackElo "1332"]
[Annotator "NA RC"]
[PlyCount "100"]
[EventDate "2020.10.31"]
[EventType "swiss"]
[SourceTitle "playchess.com"]
[Source "ChessBase"]
[SourceQuality "1"]
[TimeControl "1500+5"]

1. e4 e5 2. f4 Bc5 3. Nf3 d6 4. Bc4 Nf6 5. d3 Nc6 6. Nc3 O-O 7. a3 Bg4 8. h3 Bxf3 9. Qxf3 Nd4 10. Qd1 c6 11. b4 Bb6 12. Bb2 d5 13. exd5 cxd5 14. Bb5 a6 15. Ba4 e4 16. dxe4 dxe4 17. Ne2 Nxe2 18. Qxd8 Raxd8 19. Kxe2 Ba7 20. Bxf6 gxf6 21. Rad1 b5 22. Bb3 Rfe8 23. Rxd8 Rxd8 24. Rd1 Rxd1 25. Kxd1 Kf8 26. c4 bxc4 27. Bxc4 Be3 28. f5 Ke7 29. Bxa6 Kd6 30. a4 Ke5 31. a5 Kxf5 32. b5 Ke5 33. b6 Kd6 34. Bb7 f5 35. g4 Ke5 36. gxf5 Kxf5 37. Bc8+ Ke5 38. Ke2 Bc5 39. b7 Ba7 40. a6 f5 41. Bd7 f4 42. Bb5 f3+ 43. Kf1 Kf4 44. h4 Kg3 45. Bc6 e3 46. Bxf3 Kxf3 47. h5 h6 48. Kg1 e2+ 49. Kh2 e1=Q 50. Kh3 Qg3# 0-1

[Event "Balkan Youth Online-ch 2020"]
[Site "Online"]
[Date "2020.10.31"]
[Round "4.32"]
[White "Smirnov, Grigorii"]
[Black "Dafa, Sirio"]
[Result "1-0"]
[ECO "A52"]
[WhiteElo "1413"]
[BlackElo "1004"]
[Annotator "NA RC"]
[PlyCount "40"]
[EventDate "2020.10.31"]
[EventType "swiss"]
[SourceTitle "playchess.com"]
[Source "ChessBase"]
[SourceQuality "1"]
[TimeControl "1500+5"]

1. d4 Nf6 2. c4 e5 3. dxe5 Ng4 4. Nf3 Bc5 5. e3 Nc6 6. Be2 Ngxe5 7. Nxe5 Nxe5 8. Nc3 d6 9. b3 O-O 10. O-O a6 11. Bb2 Be6 12. Ne4 Ba7 13. c5 d5 14. Bxe5 dxe4 15. b4 Qe7 16. Bd4 Rad8 17. Qc2 f5 18. Bc4 Kh8 19. Bxe6 Qxe6 20. Qc3 Qd6 1-0

[Event "Balkan Youth Online-ch 2020"]
[Site "Online"]
[Date "2020.10.31"]
[Round "4.33"]
[White "Guri, Adrian"]
[Black "Shtavica, Alaudin"]
[Result "1-0"]
[ECO "C47"]
[WhiteElo "1611"]
[BlackElo "1323"]
[Annotator "NA RC"]
[PlyCount "121"]
[EventDate "2020.10.31"]
[EventType "swiss"]
[SourceTitle "playchess.com"]
[Source "ChessBase"]
[SourceQuality "1"]
[TimeControl "1500+5"]

1. e4 e5 2. Nf3 Nc6 3. Nc3 Nf6 4. d4 exd4 5. Nxd4 Bb4 6. Nxc6 bxc6 7. Bd3 O-O 8. O-O d5 9. exd5 cxd5 10. h3 Re8 11. Qf3 Rb8 12. Bf4 Bd6 13. b3 d4 14. Ne2 Bb7 15. Qg3 Nh5 16. Qg4 Rxe2 17. Qxh5 Re6 18. Qxh7+ Kf8 19. Qh8+ Ke7 20. Bg5+ Rf6 21. Qxg7 Kd7 22. Qxf6 Qxf6 23. Bxf6 c5 24. h4 Ke6 25. Bg5 Kd7 26. Rae1 Bd5 27. Bf6 Rg8 28. Be4 Be6 29. h5 Bf4 30. Bh7 Rb8 31. Bg7 Bh6 32. Bxh6 Rh8 33. Bd3 Rxh6 34. Re5 Kd6 35. Rfe1 Bg4 36. R5e4 Bxh5 37. Rh4 Rh8 38. Be2 Bxe2 39. Rxh8 Bg4 40. f3 Be6 41. Rxe6+ fxe6 42. g4 a5 43. g5 Ke7 44. g6 Kf6 45. Rg8 e5 46. Kf2 Kf5 47. g7 Kf6 48. Ra8 Kxg7 49. Rxa5 Kf6 50. Rxc5 e4 51. fxe4 Ke6 52. a4 Kd6 53. b4 d3 54. cxd3 Ke6 55. a5 Kd7 56. a6 Ke6 57. a7 Kd6 58. a8=Q Ke7 59. Qa6 Kd7 60. e5 Ke7 61. Rc7+ 1-0

[Event "Balkan Youth Online-ch 2020"]
[Site "Online"]
[Date "2020.10.31"]
[Round "4.44"]
[White "Filippovskiy Nikita"]
[Black "Mitkov, Simeon-Alekzander"]
[Result "1-0"]
[ECO "B84"]
[WhiteElo "1534"]
[BlackElo "1319"]
[Annotator "NA RC"]
[PlyCount "95"]
[EventDate "2020.10.31"]
[EventType "swiss"]
[SourceTitle "playchess.com"]
[Source "ChessBase"]
[SourceQuality "1"]
[TimeControl "1500+5"]

1. e4 c5 2. Nf3 e6 3. d4 cxd4 4. Nxd4 Nf6 5. Nc3 d6 6. Be3 a6 7. Be2 b5 8. a3 Bb7 9. f3 Be7 10. Qd2 O-O 11. h4 h6 12. g4 Nbd7 13. g5 Nh5 14. O-O-O Ng3 15. Rhg1 Nxe2+ 16. Qxe2 h5 17. f4 Nc5 18. Qxh5 Nxe4 19. g6 Nf6 20. gxf7+ Rxf7 21. Qg6 Qd7 22. f5 e5 23. Ne6 Bf8 24. Bg5 Ne8 25. Nxf8 Kxf8 26. Qh7 Nf6 27. Bxf6 gxf6 28. Rg8+ Ke7 29. Rg7 Ke8 30. Qg8+ Rf8 31. Qxf8+ Kxf8 32. Rxd7 Bf3 33. R1xd6 Ke8 34. Rh7 Bg4 35. Re6+ Kf8 36. Rh8+ Kf7 37. Rxa8 Bxf5 38. Rexa6 Kg6 39. Rf8 Kh5 40. Raxf6 Bg6 41. Rh8+ Kg4 42. Rxg6+ Kf4 43. Rf8+ Ke3 44. Rg3+ Kd4 45. Rd3+ Kc5 46. Rf6 e4 47. Rd5+ Kc4 48. Rc6# 1-0

[Event "Balkan Youth Online-ch 2020"]
[Site "Online"]
[Date "2020.10.31"]
[Round "4.55"]
[White "Toumpakari, Maria"]
[Black "Bagas, Ana"]
[Result "0-1"]
[ECO "C01"]
[WhiteElo "1376"]
[BlackElo "1589"]
[Annotator "NA RC"]
[PlyCount "120"]
[EventDate "2020.10.31"]
[EventType "swiss"]
[SourceTitle "playchess.com"]
[Source "ChessBase"]
[SourceQuality "1"]
[TimeControl "1500+5"]

1. e4 e6 2. d4 d5 3. exd5 exd5 4. Bd3 Nf6 5. Ne2 c5 6. dxc5 Bxc5 7. O-O O-O 8. Nbc3 Nc6 9. Bg5 Be6 10. Ng3 h6 11. Bxf6 Qxf6 12. Qh5 Rad8 13. Rad1 Ne5 14. h3 Bd6 15. Nf5 Nxd3 16. Nxd6 Nf4 17. Qf3 Nxh3+ 18. Kh2 Qxf3 19. gxf3 Rxd6 20. Ne2 Ng5 21. f4 Ne4 22. f3 Nf6 23. Nd4 a6 24. c3 Nh5 25. f5 Bd7 26. Rf2 Rf6 27. Rfd2 Bxf5 28. Nxf5 Rxf5 29. Rxd5 Rxd5 30. Rxd5 Nf6 31. Rd6 Re8 32. Rb6 Re3 33. Kg2 Re7 34. c4 h5 35. c5 Rc7 36. c6 Rxc6 37. Rxb7 g5 38. Rb4 h4 39. a3 Rc2+ 40. Kg1 h3 41. b3 h2+ 42. Kh1 Nh5 43. Rg4 f6 44. Rg2 Rxg2 45. Kxg2 Nf4+ 46. Kxh2 f5 47. Kg3 Kf7 48. Kf2 Ke6 49. Ke3 Ke5 50. b4 Nd5+ 51. Kf2 Kf4 52. Kg2 g4 53. fxg4 fxg4 54. Kf2 g3+ 55. Kg2 Ne3+ 56. Kg1 Nc2 57. a4 Nxb4 58. Kg2 a5 59. Kg1 Nd5 60. Kg2 Nc3 0-1

[Event "Balkan Youth Online-ch 2020"]
[Site "Online"]
[Date "2020.10.31"]
[Round "4.57"]
[White "Caku, Kler"]
[Black "Siskou, Evangelia"]
[Result "1-0"]
[ECO "C47"]
[WhiteElo "1199"]
[BlackElo "1339"]
[Annotator "NA RC"]
[PlyCount "31"]
[EventDate "2020.10.31"]
[EventType "swiss"]
[SourceTitle "playchess.com"]
[Source "ChessBase"]
[SourceQuality "1"]
[TimeControl "1500+5"]

1. e4 e5 2. Nf3 Nc6 3. d4 exd4 4. Nxd4 Nf6 5. Nc3 Bb4 6. Nxc6 b5 7. Nxd8 Kxd8 8. Bg5 Ke8 9. Bxf6 gxf6 10. Qd3 Bxc3+ 11. Qxc3 c6 12. Qxf6 Rf8 13. O-O-O Bb7 14. Qe5+ Kd8 15. Qd6 Re8 16. Qxd7# 1-0

[Event "Balkan Youth Online-ch 2020"]
[Site "Online"]
[Date "2020.10.31"]
[Round "4.63"]
[White "Tirpan, Ceren"]
[Black "Pirvan, Maria"]
[Result "1-0"]
[ECO "B33"]
[WhiteElo "1379"]
[BlackElo "1484"]
[Annotator "NA RC"]
[PlyCount "115"]
[EventDate "2020.10.31"]
[EventType "swiss"]
[SourceTitle "playchess.com"]
[Source "ChessBase"]
[SourceQuality "1"]
[TimeControl "1500+5"]

1. e4 c5 2. Nf3 Nc6 3. d4 cxd4 4. Nxd4 Nf6 5. Nxc6 bxc6 6. Bd3 e5 7. O-O Bc5 8. Nc3 O-O 9. h3 d5 10. exd5 cxd5 11. Bg5 Bb7 12. Re1 h6 13. Bh4 Re8 14. Bg3 e4 15. Bf1 e3 16. fxe3 Bxe3+ 17. Kh2 d4 18. Nb5 Ne4 19. Qg4 Nxg3 20. Qxg3 Qf6 21. Kh1 Bf2 22. Rxe8+ Rxe8 23. Qc7 Ba8 24. Nd6 Rf8 25. Nc8 Qe6 26. Ne7+ Kh8 27. Bc4 Qxh3+ 28. Qh2 Qd7 29. Rf1 Qxe7 30. Rxf2 f5 31. Qf4 Be4 32. Re2 Qf6 33. Kg1 Rc8 34. Bb3 d3 35. cxd3 Bxd3 36. Re6 Qg5 37. Qxg5 hxg5 38. Re7 a6 39. Rd7 Be4 40. Rd6 Rc1+ 41. Kf2 Rb1 42. Rd2 Rc1 43. Bf7 Rc6 44. b4 Rb6 45. a3 Rf6 46. Bc4 Rc6 47. Bf7 Rc3 48. Bg6 Rc8 49. g4 Rf8 50. Ke3 Bb7 51. Bxf5 Kg8 52. Be6+ Kh7 53. Rh2+ Kg6 54. Bf5+ Kf6 55. Rd2 Re8+ 56. Kf2 Ke7 57. Rd7+ Kf6 58. Rxb7 1-0

[Event "Balkan Youth Online-ch 2020"]
[Site "Online"]
[Date "2020.10.31"]
[Round "4.64"]
[White "Arshinkova, Boryana"]
[Black "Christodoulou, Georgia"]
[Result "0-1"]
[ECO "C05"]
[WhiteElo "1329"]
[BlackElo "1373"]
[Annotator "NA RC"]
[PlyCount "90"]
[EventDate "2020.10.31"]
[EventType "swiss"]
[SourceTitle "playchess.com"]
[Source "ChessBase"]
[SourceQuality "1"]
[TimeControl "1500+5"]

1. e4 e6 2. d4 d5 3. Nd2 Nf6 4. e5 Nfd7 5. Ngf3 c5 6. c3 Qb6 7. Be2 Nc6 8. Nb3 cxd4 9. cxd4 Bb4+ 10. Bd2 Bxd2+ 11. Qxd2 Qb4 12. Qxb4 Nxb4 13. O-O O-O 14. a3 Nc6 15. Rac1 Nb6 16. Bb5 Ne7 17. Na5 a6 18. Ba4 Nxa4 19. b3 Nb6 20. Rc7 Ng6 21. Nxb7 Bxb7 22. Rxb7 Rfb8 23. Rc7 Nc8 24. b4 Nce7 25. Rfc1 Rc8 26. R7c5 Nf4 27. Rd1 Ne2+ 28. Kf1 Nc3 29. Ra1 Ne4 30. Rcc1 Rxc1+ 31. Rxc1 Rc8 32. Ra1 Rc2 33. Kg1 Nxf2 34. Ne1 Rb2 35. Rc1 Ne4 36. Rc7 Kf8 37. Ra7 g6 38. Rxa6 Nf5 39. Rb6 Ne3 40. h3 Rb1 41. Kh2 Rxe1 42. a4 Re2 43. Rb8+ Kg7 44. a5 Rxg2+ 45. Kh1 Ng3# 0-1

[Event "Balkan Youth Online-ch 2020"]
[Site "Online"]
[Date "2020.10.31"]
[Round "4.66"]
[White "Karadas, Hena"]
[Black "Gkoutzouki, Aikaterini Argyro"]
[Result "1-0"]
[ECO "B33"]
[WhiteElo "1191"]
[BlackElo "1380"]
[Annotator "NA RC"]
[PlyCount "77"]
[EventDate "2020.10.31"]
[EventType "swiss"]
[SourceTitle "playchess.com"]
[Source "ChessBase"]
[SourceQuality "1"]
[TimeControl "1500+5"]

1. e4 c5 2. Nf3 Nc6 3. d4 cxd4 4. Nxd4 e5 5. Nf3 Nf6 6. Nc3 Bb4 7. Bd3 O-O 8. Bd2 Re8 9. O-O h6 10. Re1 d6 11. a3 Ba5 12. b4 Bc7 13. Nd5 Bg4 14. h3 Bh5 15. Bc3 Nxd5 16. exd5 Ne7 17. Be2 Bb6 18. Bb2 a5 19. c4 axb4 20. axb4 Rxa1 21. Bxa1 Ba7 22. Nd2 Qb6 23. Bxh5 Qxf2+ 24. Kh1 Nf5 25. Ne4 Qa2 26. Qf3 g6 27. Nf6+ Kh8 28. Nxe8 Bf2 29. Rd1 Ng3+ 30. Kh2 Nxh5 31. Qxf7 Bg3+ 32. Kh1 Bh4 33. Qxg6 Qe2 34. Qxh6+ Kg8 35. Qg6+ Kh8 36. Rc1 Ng3+ 37. Kh2 Nh5 38. Nxd6 Bg3+ 39. Kh1 1-0

[Event "Balkan Youth Online-ch 2020"]
[Site "Online"]
[Date "2020.10.31"]
[Round "4.68"]
[White "Davitkova, Jovana"]
[Black "Pandelescu, Maria-Catalina"]
[Result "0-1"]
[ECO "B01"]
[WhiteElo "1227"]
[BlackElo "1242"]
[Annotator "NA RC"]
[PlyCount "104"]
[EventDate "2020.10.31"]
[EventType "swiss"]
[SourceTitle "playchess.com"]
[Source "ChessBase"]
[SourceQuality "1"]
[TimeControl "1500+5"]

1. e4 d5 2. exd5 Qxd5 3. Nc3 Qa5 4. d4 Nf6 5. Bd2 c6 6. Nf3 Bf5 7. Be2 Qc7 8. Nh4 Bg6 9. Nxg6 hxg6 10. h3 e6 11. Bf3 Bd6 12. Ne4 Nxe4 13. Bxe4 Nd7 14. c3 Nf6 15. Bf3 O-O-O 16. Qc2 e5 17. dxe5 Bxe5 18. O-O-O Kb8 19. Bg5 Bf4+ 20. Bxf4 Qxf4+ 21. Kb1 Nd7 22. Qe4 Qf6 23. Qc2 Ne5 24. Be4 Rhe8 25. Rxd8+ Rxd8 26. f3 Qd6 27. Kc1 f5 28. f4 Nc4 29. Bf3 Qxf4+ 30. Kb1 Nd2+ 31. Ka1 Nxf3 32. gxf3 Qxf3 33. Qh2+ f4 34. a3 Rd1+ 35. Rxd1 Qxd1+ 36. Ka2 Qd5+ 37. Kb1 Qd3+ 38. Ka2 Qg3 39. Qc2 f3 40. Qe4 a6 41. Qe8+ Ka7 42. Qe3+ Ka8 43. Qe8+ Qb8 44. Qxg6 Qf8 45. Qg1 f2 46. Qf1 Qf3 47. c4 Qe3 48. Qg2 Qe2 49. Qg5 Qxc4+ 50. b3 Qc2+ 51. Ka1 f1=Q+ 52. Qc1 Qfxc1# 0-1

[Event "Balkan Youth Online-ch 2020"]
[Site "Online"]
[Date "2020.10.31"]
[Round "4.71"]
[White "Vaupot, Eliza"]
[Black "Zhezhovska, Monika"]
[Result "1/2-1/2"]
[ECO "C30"]
[WhiteElo "1198"]
[BlackElo "1108"]
[Annotator "NA RC"]
[PlyCount "108"]
[EventDate "2020.10.31"]
[EventType "swiss"]
[SourceTitle "playchess.com"]
[Source "ChessBase"]
[SourceQuality "1"]
[TimeControl "1500+5"]

1. e4 e5 2. Nc3 Nf6 3. f4 d6 4. Nf3 Nc6 5. Bb5 Qe7 6. O-O Bd7 7. d3 O-O-O 8. Be3 a6 9. Bc4 Ng4 10. Bd2 f5 11. Ng5 Nh6 12. a3 fxe4 13. dxe4 exf4 14. Bxf4 Ne5 15. Bxe5 Qxe5 16. Qd5 Qxd5 17. exd5 Be7 18. Nf7 Nxf7 19. Rxf7 Bf6 20. Re1 Be8 21. Rxf6 gxf6 22. Bd3 Bg6 23. Bxg6 hxg6 24. Re6 Rhf8 25. Ne4 f5 26. Ng5 Rg8 27. Kf2 Rde8 28. Ke3 Rxe6+ 29. dxe6 Kd8 30. Kd4 Ke7 31. Kd5 c6+ 32. Kd4 Kf6 33. h4 Rh8 34. g3 f4 35. gxf4 Rxh4 36. Ke4 Rh2 37. Kd3 Rf2 38. Ne4+ Kxe6 39. Nxf2 Kf5 40. Ke3 d5 41. c3 c5 42. Nd3 b6 43. Ne5 g5 44. Nd7 gxf4+ 45. Kf3 d4 46. Nxb6 d3 47. Nc4 a5 48. b4 cxb4 49. cxb4 axb4 50. axb4 Ke6 51. Kxf4 Kd5 52. Nd2 Kc6 53. Ke3 Kb5 54. Kxd3 Kxb4 1/2-1/2

[Event "Balkan Youth Online-ch 2020"]
[Site "Online"]
[Date "2020.10.31"]
[Round "4.72"]
[White "Shuqja, Klean"]
[Black "Mihelic, Vesna"]
[Result "0-1"]
[ECO "A01"]
[WhiteElo "1838"]
[BlackElo "1872"]
[Annotator "NA RC"]
[PlyCount "96"]
[EventDate "2020.10.31"]
[EventType "swiss"]
[SourceTitle "playchess.com"]
[Source "ChessBase"]
[SourceQuality "1"]
[TimeControl "1500+5"]

1. b3 e5 2. Bb2 Nc6 3. e3 Nf6 4. Bb5 d6 5. Ne2 Bd7 6. O-O g6 7. d4 exd4 8. Nxd4 Nxd4 9. Bxd7+ Qxd7 10. Bxd4 Bg7 11. Qf3 Qc6 12. Qxc6+ bxc6 13. Nd2 O-O 14. c4 a5 15. Rab1 Nd7 16. Nf3 c5 17. Bxg7 Kxg7 18. Rfd1 Nf6 19. Rd3 Rfb8 20. Nd2 a4 21. a3 axb3 22. Rdxb3 Rxb3 23. Rxb3 Nd7 24. Kf1 Ra4 25. Rb7 Rxa3 26. Rxc7 Ne5 27. Ne4 Nxc4 28. Ng5 Ra1+ 29. Ke2 Ra2+ 30. Kf1 Ne5 31. f4 Ng4 32. Rxf7+ Kg8 33. Re7 c4 34. Re8+ Kg7 35. Re7+ Kf8 36. Rc7 Nxe3+ 37. Ke1 Nxg2+ 38. Kf1 Ne3+ 39. Kg1 d5 40. Nxh7+ Ke8 41. Nf6+ Kd8 42. Rc5 Rd2 43. h4 Ke7 44. Ng8+ Kf7 45. Nh6+ Kg7 46. f5 Kxh6 47. f6 Rg2+ 48. Kh1 Rf2 0-1

[Event "Balkan Youth Online-ch 2020"]
[Site "Online"]
[Date "2020.10.31"]
[Round "4.73"]
[White "Kipik, Feyza"]
[Black "Spiridon, Anisia"]
[Result "1-0"]
[ECO "C11"]
[WhiteElo "1592"]
[BlackElo "1551"]
[Annotator "NA RC"]
[PlyCount "57"]
[EventDate "2020.10.31"]
[EventType "swiss"]
[SourceTitle "playchess.com"]
[Source "ChessBase"]
[SourceQuality "1"]
[TimeControl "1500+5"]

1. e4 e6 2. d4 d5 3. Nc3 Nf6 4. e5 Nfd7 5. f4 c5 6. Nf3 a6 7. Be3 b5 8. Qd2 cxd4 9. Nxd4 Bb7 10. Be2 Nc5 11. O-O b4 12. Nd1 Ne4 13. Qe1 Bc5 14. f5 Qb6 15. c3 bxc3 16. bxc3 O-O 17. f6 g5 18. Bd3 Kh8 19. Bxg5 Bxd4+ 20. Kh1 Nxg5 21. Qh4 Be3 22. Rf3 d4 23. Rg3 Be4 24. Bxe4 Nxe4 25. Qxe4 Nd7 26. Rh3 h6 27. Nxe3 Qb2 28. Rxh6+ Kg8 29. Qh7# 1-0

[Event "Balkan Youth Online-ch 2020"]
[Site "Online"]
[Date "2020.10.31"]
[Round "4.75"]
[White "Tsakona, Maria"]
[Black "Tsekoura, Vaia"]
[Result "1-0"]
[ECO "E18"]
[WhiteElo "1596"]
[BlackElo "1488"]
[Annotator "NA RC"]
[PlyCount "47"]
[EventDate "2020.10.31"]
[EventType "swiss"]
[SourceTitle "playchess.com"]
[Source "ChessBase"]
[SourceQuality "1"]
[TimeControl "1500+5"]

1. Nf3 Nf6 2. c4 e6 3. g3 b6 4. Bg2 Bb7 5. O-O Be7 6. d4 d5 7. Qa4+ Nbd7 8. Ne5 O-O 9. Nc3 Nxe5 10. dxe5 Ng4 11. cxd5 Nxe5 12. d6 Bxg2 13. dxe7 Qxe7 14. Kxg2 c5 15. Bf4 Ng6 16. Rfd1 e5 17. Be3 Qb7+ 18. f3 f5 19. Rd7 Qc8 20. Rad1 f4 21. Bf2 a6 22. Qb3+ c4 23. Qxb6 Rb8 24. Qa7 1-0

[Event "Balkan Youth Online-ch 2020"]
[Site "Online"]
[Date "2020.10.31"]
[Round "4.76"]
[White "Jovanovic, Anja"]
[Black "Mosurovic, Milena"]
[Result "1-0"]
[ECO "B01"]
[WhiteElo "1778"]
[BlackElo "1428"]
[Annotator "NA RC"]
[PlyCount "73"]
[EventDate "2020.10.31"]
[EventType "swiss"]
[SourceTitle "playchess.com"]
[Source "ChessBase"]
[SourceQuality "1"]
[TimeControl "1500+5"]

1. e4 d5 2. exd5 Qxd5 3. Nc3 Qd8 4. d4 Nf6 5. Nf3 Bg4 6. Be2 e6 7. O-O Bd6 8. h3 Bh5 9. Bg5 Nbd7 10. Qd2 O-O 11. Ne5 Bxe2 12. Qxe2 Be7 13. Rad1 c6 14. Rd3 Nd5 15. Nxd5 cxd5 16. Bxe7 Qxe7 17. Rg3 Nf6 18. c3 Rac8 19. Ng4 Rfe8 20. Re1 Ne4 21. Rf3 h5 22. Ne5 f6 23. Nd3 Rc6 24. Rf4 e5 25. dxe5 fxe5 26. Rf5 Re6 27. Qxh5 Rh6 28. Qe2 Qd6 29. Nb4 Qg6 30. Qg4 Qb6 31. Nxd5 Nxf2 32. Rxf2 Qc5 33. c4 Rf8 34. Ref1 Ra6 35. b4 Qd6 36. Rxf8+ Qxf8 37. Rxf8+ 1-0

[Event "Balkan Youth Online-ch 2020"]
[Site "Online"]
[Date "2020.10.31"]
[Round "4.77"]
[White "Puia, Alexia-Teodora"]
[Black "Paroglou, Marianna"]
[Result "1-0"]
[ECO "A80"]
[WhiteElo "1697"]
[BlackElo "1436"]
[Annotator "NA RC"]
[PlyCount "88"]
[EventDate "2020.10.31"]
[EventType "swiss"]
[SourceTitle "playchess.com"]
[Source "ChessBase"]
[SourceQuality "1"]
[TimeControl "1500+5"]

1. d4 e6 2. Bf4 f5 3. e3 Nf6 4. Bd3 d5 5. Nd2 Be7 6. Ngf3 O-O 7. Ne5 Nbd7 8. h3 Ne4 9. O-O Ndf6 10. f3 Nd6 11. g4 Qe8 12. Kg2 Bd7 13. Rg1 Bb5 14. c4 Ba6 15. c5 Nf7 16. gxf5 Nxe5 17. Bxa6 bxa6 18. Bxe5 exf5 19. Bxc7 Nd7 20. Kh2 Bh4 21. Qe2 Qe6 22. Qg2 Bf6 23. Bf4 Kh8 24. Rac1 Rac8 25. Qf2 Rfe8 26. Rce1 Nb8 27. Bg5 Bxg5 28. Rxg5 Nc6 29. Qh4 Qf6 30. Nb3 h6 31. Rh5 Qxh4 32. Rxh4 Re6 33. Rf4 g6 34. e4 Rf8 35. Rf1 Ref6 36. exd5 g5 37. dxc6 gxf4 38. d5 Rc8 39. Nd4 Kg8 40. d6 Rff8 41. d7 Rb8 42. c7 Rxb2+ 43. Kh1 Rd2 44. d8=Q Rxd4 1-0